 Dungeon Crawl Stone Soup version 0.27-a0-1301-g128193abf8 (webtiles) character file.

Game seed: 10609130842935087885

5385 Gwenloh the Impaler (level 10, -2/80 HPs)
             Began as a Merfolk Gladiator on June 18, 2021.
             Was a Priest of Zin.
             Slain by an eight-headed hydra (6 damage)
             ... on level 1 of the Lair of Beasts.
             The game lasted 00:36:46 (12931 turns).

Gwenloh the Impaler (Merfolk Gladiator)            Turns: 12931, Time: 00:36:48

Health: -2/80      AC:  8    Str: 14    XL:     10   Next: 66%
Magic:  14/14      EV: 18    Int:  7    God:    Zin [***...]
Gold:   233        SH:  6    Dex: 20    Spells: 9/9 levels left

rFire    . . .     SeeInvis .   a - +2 trident (venom)
rCold    . . .     Faith    +   B - +0 buckler
rNeg     . . .     Spirit   .   e - +0 ring mail
rPois    .         Reflect  .   c - +1 helmet
rElec    .         Harm     .   (no cloak)
rCorr    .         Rampage  .   (no gloves)
Will     .....                  t - +0 pair of boots
Stlth    +.........             h - amulet of faith
HPRegen  0.23/turn              F - +4 ring of evasion
MPRegen  0.14/turn              (no ring)

@: mighty, very slightly contaminated, hasted, invisible, very quick
A: (nimble swimmer 2), mertail
a: Renounce Religion, Recite, Vitalisation, Imprison, Donate Gold


You were on level 1 of the Lair of Beasts.
You worshipped Zin.
Zin was most pleased with you.
You visited 3 branches of the dungeon, and saw 11 of its levels.

You collected 504 gold pieces.
You spent 221 gold pieces at shops.
You donated 50 gold pieces to Zin.

Inventory:

Hand Weapons
 a - a +2 trident of venom (weapon)
 f - a +0 hunting sling
 A - a +0 trident
 G - a +5 antimagic spear
Missiles
 d - 2 throwing nets
 j - a javelin
 o - 235 stones
 N - 7 poisoned darts (quivered)
Armour
 c - a +1 helmet (worn)
 e - a +0 ring mail (worn)
 t - a +0 pair of boots (worn)
 B - a +0 buckler (worn)
Jewellery
 h - an amulet of faith (around neck)
 w - an amulet of guardian spirit
 D - the ring "Acvajuc" {rElec rC+ Str+2}
   (You took it off a kobold brigand on level 8 of the Dungeon)

   [ring of protection from cold]

   It affects your strength (+2).
   It protects you from cold.
   It insulates you from electricity.
 F - a +4 ring of evasion (left hand)
 H - a ring of flight
Wands
 n - a wand of flame (22)
 I - a wand of acid (10)
 O - a wand of digging (4)
Scrolls
 p - 2 scrolls of amnesia
 q - 4 scrolls of blinking
 u - a scroll of teleportation {unknown}
 y - a scroll of immolation {unknown}
 J - a scroll of fear {unknown}
 M - a scroll of magic mapping {unknown}
Potions
 g - a potion of might
 i - 9 potions of curing
 k - 2 potions of brilliance
 l - a potion of mutation {unknown}
 m - 2 potions of haste
 r - 2 potions of magic {unknown}
 s - a potion of attraction {unknown}
 v - a potion of flight {unknown}
 x - a potion of heal wounds {unknown}
 z - a potion of ambrosia {unknown}
 C - 2 potions of berserk rage
 E - 2 potions of resistance
 K - a potion of cancellation {unknown}
 L - a potion of lignification {unknown}


   Skills:
 + Level 7.7 Fighting
 * Level 15.4 Polearms
 - Level 2.0 Throwing
 + Level 6.7 Dodging
 - Level 4.0 Shields
 + Level 6.5 Invocations


You had 9 spell levels left.
You didn't know any spells.
Your spell library contained the following spells:

 Spells                   Type           Power      Damage    Failure   Level
 Animate Skeleton         Necr           0%         N/A       67%         1
 Apportation              Tloc           0%         N/A       67%         1
 Beastly Appendage        Tmut           0%         N/A       67%         1
 Corona                   Hex            0%         N/A       67%         1
 Magic Dart               Conj           0%         1d3       67%         1
 Summon Small Mammal      Summ           0%         N/A       67%         1
 Searing Ray              Conj           0%         3d3       82%         2
 Wereblood                Tmut           0%         N/A       82%         2
 Dazzling Flash           Conj/Hex       0%         N/A       96%         3
 Spider Form              Tmut/Pois      0%         N/A       96%         3
 Fulminant Prism          Conj/Hex       0%         3d6       100%        4
 Ice Form                 Ice/Tmut       0%         N/A       100%        4
 Iskenderun's Mystic Bla  Conj/Tloc      0%         2d3       100%        4


Dungeon Overview and Level Annotations

Branches:
Dungeon (8/15)             Temple (1/1) D:7            Lair (2/6) D:8
  Swamp: Lair:2-4    Shoals: Lair:2-4     Snake: Lair:2-4    Spider: Lair:2-4

Altars:
Ashenzari
Dithmenos
Elyvilon
Fedhas
Gozag
Kikubaaqudgha
Makhleb
Nemelex Xobeh
Okawaru
Qazlal
Ru
Trog
Uskayaw
Xom
Zin

Shops:
D:2 *   D:4 =   D:7 [!*[=

Annotations:
D:5 1 runed translucent door, 2 transporters, Tempus's ghost, novice FoIE
D:6 2 runed translucent doors, crasatator's ghost, novice TrMo
Lair:1 2 transporters, Wyefet Iweni's ghost, journeyman MiFi


Innate Abilities, Weirdness & Mutations

((You are quick and stealthy near water. (Stealth+, EV+, Speed+++)))
Your lower body shifts to a powerful aquatic tail in water.


Message History

There is a stone staircase leading down here.
You fade into invisibility!
The eight-headed hydra bites you. x2
The eight-headed hydra barely misses you.
The eight-headed hydra closely misses you.
The eight-headed hydra bites you!
The eight-headed hydra barely misses you.
The eight-headed hydra bites you!
The eight-headed hydra closely misses you.
You are very lightly contaminated with residual magic.
You feel very mighty all of a sudden.
The eight-headed hydra closely misses you.
The eight-headed hydra misses you. The eight-headed hydra bites you!
The eight-headed hydra barely misses you.
The eight-headed hydra completely misses you.
The eight-headed hydra bites you but does no damage.
The eight-headed hydra completely misses you.
The eight-headed hydra closely misses you.
You catch the helpless eight-headed hydra completely off-guard!
You puncture the eight-headed hydra!
The eight-headed hydra is moderately wounded.
You catch the helpless eight-headed hydra completely off-guard!
You puncture the eight-headed hydra!
The eight-headed hydra looks as sick as possible!
The eight-headed hydra is moderately wounded.
The eight-headed hydra closely misses you. x2
The eight-headed hydra completely misses you.
The eight-headed hydra misses you. The eight-headed hydra bites you!
The eight-headed hydra bites you. x2; The eight-headed hydra bites you!
* * * LOW HITPOINT WARNING * * *
You feel yourself speed up.
The eight-headed hydra completely misses you.
The eight-headed hydra bites you.
* * * LOW HITPOINT WARNING * * *
The eight-headed hydra bites you.
* * * LOW HITPOINT WARNING * * *
The eight-headed hydra completely misses you.
You block the eight-headed hydra's attack.
The eight-headed hydra bites you.
You die...

.#...................P...###
##..........##...........#
.#.........####..........#
##..........# ##..####...#
#........### ####.>..####
#.......## ##.........###
#...##...## ##....8....##.#
#....#...P# ##..D#####....####
###.......####..@.# ####...##.##
###.......###...#####.###...#..##
.##.......##....###...#.#....#..#
..........'...................+..
...P......#8.....8..>..8.....8...
...#................†............
........##......###...###........
............#....###..###...#....
............##...#######...##...#


You could see an eight-headed hydra (extremely poisoned).

Vanquished Creatures
  Fannar (Lair:1)
  2 centaur zombies (D:7)
  2 black mambas (Lair:1)
  3 yaks
  A wraith (D:6)
  4 water moccasins
  3 orc warriors
  A black bear (D:5)
  2 ice beasts
  A sky beast (D:7)
  2 ogres
  A centaur (D:6)
  A kobold brigand (D:8)
  5 bullfrogs
  3 scorpions
  A gnoll sergeant (D:5)
  4 wights (D:8)
  4 electric eels
  A howler monkey (D:8)
  A jelly (D:8)
  A bullfrog skeleton (D:7)
  A bullfrog zombie (D:6)
  3 hounds
  A centaur skeleton (D:6)
  An iguana (D:5)
  Natasha (thrice) (D:4)
  4 orc wizards
  A hound skeleton (D:4)
  3 howler monkey zombies
  11 gnolls
  A howler monkey skeleton (D:7)
  5 adders
  A white imp (D:6)
  3 ufetubi
  3 dart slugs
  19 orcs
  8 ball pythons
  7 bats
  9 endoplasms
  7 giant cockroaches
  9 goblins
  5 hobgoblins
  5 jackals
  5 quokkas
  5 frilled lizards
  9 kobolds
  7 rats (D:1)
180 creatures vanquished.

Vanquished Creatures (others)
  4 fungi (D:8)
  3 plants
7 creatures vanquished.

Grand Total: 187 creatures vanquished

Notes
Turn   | Place    | Note
-------+----------+-------------------------------------------
     0 | D:1      | Gwenloh the Merfolk Gladiator began the quest for the Orb.
     0 | D:1      | Reached XP level 1. HP: 16/16 MP: 1/1
   207 | D:1      | Reached skill level 5 in Polearms
   232 | D:1      | Reached XP level 2. HP: 21/22 MP: 2/2
   605 | D:1      | You fall into a shaft and drop 1 floor!
   630 | D:2      | Reached skill level 6 in Polearms
   630 | D:2      | Reached XP level 3. HP: 21/27 MP: 3/3
   830 | D:1      | Found a faded altar of an unknown god.
  1345 | D:2      | Found Ahyuppuosch's Assorted Antiques.
  1525 | D:2      | Reached XP level 4. HP: 33/33 MP: 4/4
  1540 | D:2      | Reached skill level 7 in Polearms
  2829 | D:4      | Found Lietawu's Jewellery Shoppe.
  2851 | D:4      | Noticed an ogre
  2861 | D:4      | Killed an ogre
  2862 | D:4      | Reached skill level 9 in Polearms
  2862 | D:4      | Reached XP level 5. HP: 17/38 MP: 5/5
  3112 | D:4      | Reached XP level 6. HP: 24/44 MP: 6/6
  3637 | D:4      | Noticed Natasha
  3652 | D:4      | Killed Natasha
  3791 | D:4      | Reached skill level 10 in Polearms
  4235 | D:4      | Noticed Natasha
  4245 | D:4      | Killed Natasha
  4783 | D:4      | Noticed Natasha
  4791 | D:4      | Killed Natasha
  4803 | D:5      | Entered Level 5 of the Dungeon
  4955 | D:5      | Reached XP level 7. HP: 45/51 MP: 4/7
  5179 | D:5      | Reached skill level 5 in Dodging
  5340 | D:5      | Found a runed translucent door.
  5348 | D:5      | Noticed Tempus's ghost (novice FoIE)
  5420 | D:5      | Found a hide-covered altar of Uskayaw.
  5452 | D:5      | Reached skill level 1 in Shields
  5588 | D:5      | Reached skill level 11 in Polearms
  5973 | D:5      | Found a transporter.
  6374 | D:5      | Found a glowing silver altar of Zin.
  6374 | D:5      | Found an opulent altar of Gozag.
  6388 | D:5      | Became a worshipper of Zin the Law-Giver
  6388 | D:5      | Reached * piety under Zin
  6513 | D:5      | Found a transporter.
  6707 | D:5      | Reached XP level 8. HP: 45/60 MP: 2/8
  6913 | D:6      | Reached skill level 1 in Invocations
  7418 | D:6      | Reached ** piety under Zin
  7506 | D:6      | Reached skill level 12 in Polearms
  7574 | D:6      | Noticed a wraith
  7583 | D:6      | Killed a wraith
  7597 | D:6      | Reached skill level 5 in Fighting
  7702 | D:6      | Found a runed translucent door.
  7707 | D:6      | Noticed crasatator's ghost (novice TrMo)
  7827 | D:6      | Found a runed translucent door.
  7890 | D:6      | Reached XP level 9. HP: 37/68 MP: 6/11
  8117 | D:7      | Found Hokix's Distillery.
  8125 | D:7      | Bought a potion of haste for 130 gold pieces
  8125 | D:7      | Bought a potion of curing for 39 gold pieces
  8140 | D:7      | Found Fuqotall's Antique Armour Shop.
  8180 | D:7      | Found Lefaon Tasch's Assorted Antiques.
  8696 | D:7      | Reached skill level 13 in Polearms
  8932 | D:7      | Bought a scroll of identify for 52 gold pieces
  9099 | D:7      | Found a staircase to the Ecumenical Temple.
  9109 | Temple   | Entered the Ecumenical Temple
  9613 | D:7      | Found a shimmering altar of Xom.
  9702 | D:7      | Found Epaib's Jewellery Boutique.
 10004 | D:7      | Found Cehouc's Antique Armour Emporium.
 10128 | D:7      | Found a blossoming altar of Fedhas.
 10508 | D:8      | Reached *** piety under Zin
 10704 | D:8      | Reached skill level 5 in Invocations
 10795 | D:8      | Found a staircase to the Lair.
 10822 | D:8      | Identified the ring "Acvajuc" {rElec rC+ Str+2}
 10834 | D:8      | Reached skill level 14 in Polearms
 10920 | D:8      | Found an iron altar of Okawaru.
 11363 | Lair:1   | Entered Level 1 of the Lair of Beasts
 11404 | D:8      | Reached XP level 10. HP: 69/77 MP: 14/14
 11770 | Lair:1   | Noticed a black mamba
 11787 | Lair:1   | Killed a black mamba
 11885 | Lair:1   | Found a transporter.
 11893 | Lair:1   | Noticed a seven-headed hydra
 11895 | Lair:1   | Noticed Wyefet Iweni's ghost (journeyman MiFi)
 11897 | Lair:1   | Noticed a death yak
 11900 | Lair:1   | Found a transporter.
 12069 | Lair:1   | Noticed an elephant
 12076 | Lair:1   | Noticed Fannar
 12240 | Lair:1   | Killed Fannar
 12241 | Lair:1   | Reached skill level 15 in Polearms
 12375 | Lair:1   | Noticed a black mamba
 12389 | Lair:1   | Killed a black mamba
 12920 | Lair:2   | Noticed an eight-headed hydra
 12931 | Lair:1   | HP: 4/80 [eight-headed hydra (6)]
 12931 | Lair:1   | Slain by an eight-headed hydra

Illustrated notes

Levels and vault maps discovered:
D:1:      scummos_arrival_star, layout_basic,
          hellmonk_ecumenical_altar_pennies_from_heaven
D:2:      layout_rooms, serial_shops, shop
D:3:      kennysheep_the_goblin_king, layout_loops_corners,
          amcnicky_mini_rare_corridor_liquid
D:4:      layout_basic, serial_shops, nicolae_stop_n_shop_1,
          chequers_decorated_corner, uniq_natasha
D:5:      gammafunk_cloud_chamber, layout_loops_ring,
          grunt_temple_overflow_gold_and_silver, amcnicky_altar_gilded,
          ebering_ghost_reflecting_pool, hangedman_glass_teeth
D:6:      wad_pebble_path, layout_loops_corners, ebering_ghost_sewer_f,
          kb_rosetta
D:7:      layout_gridville, kennysheep_little_box, old_standard_altar,
          minmay_temple_entry_grid, serial_shops, shop,
          nicolae_shop_behind_doors, nicolae_lakefront_shop,
          nicolae_inconvenience_store, shop, chequers_serial_rivers_micro_e
D:8:      layout_loops_ring, lemuel_tele_altar, dpeg_oklobed_lair,
          chequers_serial_rivers_small_b, lightli_minifort
Temple:   jpeg_temple_island
Lair:1:   layout_hall_layers, nzn_ghost_randoct, grunt_megastairs_5, uniq_fannar
Lair:2:   layout_cave_pods, minmay_shoals_entry_hut, grunt_megastairs_2

Skill      XL: |  1  2  3  4  5  6  7  8  9 10 |
---------------+-------------------------------+-----
Polearms       | 5 6 9 10 11 12 14 15 | 15.4
Fighting       | 4 5 6 7 |  7.7
Dodging        | 5 6 |  6.7
Shields        | 2 3 4 |  4.0
Invocations    | 3 5 6 |  6.5
Throwing       | |  2.0

Action                   |  1- 3 |  4- 6 |  7- 9 | 10-12 || total
-------------------------+-------+-------+-------+-------++-------
Melee: Trident           |   138 |   235 |   272 |    81 ||   726
       Spear             |       |       |    94 |       ||    94
       Tailslap          |       |       |     1 |       ||     1
Throw: Javelin           |       |    14 |    10 |     3 ||    27
       Throwing net      |       |     3 |     1 |       ||     4
       Boomerang         |       |       |    70 |       ||    70
       Dart              |       |       |       |     2 ||     2
Invok: Recite            |       |       |     2 |       ||     2
  Use: Scroll            |       |       |    12 |       ||    12
       Potion            |       |       |       |     4 ||     4
 Stab: Held in net/web   |       |     3 |       |       ||     3
       Distracted        |       |       |     1 |       ||     1
       Sleeping          |       |       |     1 |       ||     1
       Invisible         |       |       |       |     2 ||     2
Armor: Leather armour    |     3 |       |       |       ||     3
       Ring mail         |    25 |    45 |    47 |    11 ||   128
Dodge: Dodged            |    57 |   109 |   133 |    50 ||   349
Block: Buckler           |       |       |    31 |    17 ||    48

Table legend: (Time is in decaauts)
 A = Elapsed time spent in this place.
 B = Non-inter-level travel time spent in this place.
 C = Inter-level travel time spent in this place.
 D = Time resting spent in this place.
 E = Time spent auto-exploring this place.
 F = Levels seen in this place.
 G = Mean time per level.
                   A        B        C        D        E       F      G
               +--------+--------+--------+--------+--------+-----+--------+
         Total |  12580 |  12175 |    405 |   2381 |   7259 |  11 | 1143.6 |
       Dungeon |  10955 |  10580 |    375 |   2002 |   6787 |   8 | 1369.4 |
        Temple |    310 |    299 |     11 |      0 |    289 |   1 |  310.0 |
          Lair |   1313 |   1294 |     19 |    379 |    182 |   2 |  656.5 |
               +--------+--------+--------+--------+--------+-----+--------+

Top non-repeatable levels by time:
     D:4: 1963 daAuts
     D:5: 1863 daAuts
     D:7: 1593 daAuts
     D:8: 1332 daAuts
  Lair:1: 1307 daAuts
     D:3: 1285 daAuts
     D:6: 1280 daAuts
     D:1: 1134 daAuts
     D:2: 501 daAuts
  Temple: 310 daAuts
  Lair:2: 6 daAuts
